 Dungeon Crawl Stone Soup version 0.30.1-4-g462c640d31 (webtiles) character file.

Game seed: 5860216380780895703

2437 mortz the Destroyer (level 9, -7/51 HPs)
             Began as an Octopode Conjurer on Sept 15, 2023.
             Was a Follower of Vehumet.
             Mangled by a wyvern (20 damage)
             ... on level 8 of the Dungeon.
             The game lasted 00:32:14 (8492 turns).

mortz the Destroyer (Octopode Conjurer)             Turns: 8492, Time: 00:32:16

Health: -7/51      AC:  1    Str:  7    XL:     9   Next: 49%
Magic:  14/20      EV: 13    Int: 24    God:    Vehumet [*.....]
Gold:   599        SH:  0    Dex: 10    Spells: 16/23 levels left

rFire   . . .        y - +2 spear (flame)
rCold   . . .        (no shield)
rNeg    . . .        (helmet restricted)
rPois   .            (no amulet)
rElec   .            E - ring of willpower
rCorr   .            (no ring)
SInv    .            (no ring)
Will    +....        (no ring)
Stlth   ++++         (no ring)
HPRegen 0.28/turn    (no ring)
MPRegen 0.17/turn    (no ring)
                     (no ring)

%: no passive effects
@: no status effects
A: almost no armour, amphibious, 8 rings, camouflage 1, gelatinous body 1,
(nimble swimmer 1), tentacles
a: Renounce Religion


You were on level 8 of the Dungeon.
You worshipped Vehumet.
Vehumet was aware of your devotion.
You visited 2 branches of the dungeon, and saw 9 of its levels.

You collected 599 gold pieces.

Inventory:

Hand Weapons
 h - a +0 mace
 q - a +0 falchion
 r - a +0 heavy mace
 y - a +2 spear of flaming (weapon)
 D - a +1 short sword of speed
Missiles
 c - 72 stones
 f - 17 poisoned darts
 j - 9 javelins
Jewellery
 z - a ring of fire
 E - a ring of willpower (left tentacle)
Wands
 m - a wand of mindburst (17)
 o - a wand of polymorph (8)
 v - a wand of flame (20)
 B - a wand of digging (2)
Scrolls
 g - 3 scrolls of enchant armour
 k - 3 scrolls of teleportation
 l - a scroll of blinking
 w - 2 scrolls of fear
 x - a scroll of immolation
 A - a scroll of fog
Potions
 a - 4 potions of curing
 b - 2 potions of attraction {unknown}
 d - 5 potions of heal wounds
 e - a potion of flight {unknown}
 i - 2 potions of mutation
 n - 2 potions of magic
 p - a potion of lignification {unknown}
 s - a potion of brilliance {unknown}
 t - 2 potions of degeneration {unknown}
 u - 2 potions of might {unknown}
 C - 3 potions of haste {unknown}


   Skills:
 - Level 2.0 Dodging
 - Level 6.0 Stealth
 * Level 7.6 Spellcasting
 * Level 9.1 Conjurations
 - Level 3.0 Summonings


You had 16 spell levels left.
You knew the following spells:

 Your Spells              Type           Power      Damage    Failure   Level
a - Magic Dart            Conj           100%       1d8       1%          1
b - Searing Ray           Conj           100%       2d8       1%          2
h - Hailstorm             Conj/Ice       31%        3d8       3%          3
m - Summon Small Mammal   Summ           92%        N/A       1%          1

Your spell library contained the following spells:

 Spells                   Type           Power      Damage    Failure   Level
 Kiss of Death            Conj/Necr      100%       2d13      1%          1
 Momentum Strike          Conj/Tloc      62%        3d9       1%          2
 Static Discharge         Conj/Air       62%        2-5/arc   1%          2
 Dazzling Flash           Conj/Hex       62%        N/A       3%          3
 Apportation              Tloc           18%        N/A       7%          1
 Necrotise                Necr           36%        1d5       7%          1
 Blink                    Tloc           18%        N/A       10%         2
 Lesser Beckoning         Tloc           18%        N/A       10%         2
 Fulminant Prism          Conj/Hex       15%        3d10      11%         4
 Iskenderun's Mystic Bla  Conj/Tloc      31%        2d8       11%         4
 Portal Projectile        Hex/Tloc       18%        N/A       21%         3
 Tukima's Dance           Hex            9%         N/A       21%         3
 Summon Lightning Spire   Summ/Air       16%        N/A       34%         4
 Airstrike                Air            4%         2d(1-17)  54%         4
 Ice Form                 Ice/Tmut       9%         N/A       54%         4
 Blade Hands              Tmut           4%         N/A       88%         5
 Simulacrum               Ice/Necr       4%         N/A       100%        6


Dungeon Overview and Level Annotations

Branches:
Dungeon (8/15) Zot: 26775  Temple (1/1) D:4 Zot: 5879    Lair (0/5) D:8

Altars:
Ashenzari
Cheibriados
Dithmenos
Elyvilon
Fedhas
Gozag
Hepliaklqana
Kikubaaqudgha
Makhleb
Nemelex Xobeh
Okawaru
Ru
Sif Muna
Trog
Uskayaw
Vehumet
Wu Jian
Xom
Yredelemnul
Zin
The Shining One

Annotations:
D:2 1 runed translucent door, Crazy Yiuf
D:4 1 runed translucent door, turdburglar's ghost, amateur GnWr
D:8 1 transporter


Innate Abilities, Weirdness & Mutations

You cannot wear most types of armour.
You are amphibious.
You can wear up to eight rings at the same time.
Your skin changes colour to match your surroundings (Stealth+).
Your rubbery body absorbs attacks. (AC +1, EV +1)
((You are camouflaged when in or above water. (Stealth+)))
You have tentacles for arms and can constrict up to eight enemies at once.


Message History

Found a spear and a flail.
You see here a +0 spear.
You open the door.
There is an open door here.
Found a staircase to the Lair.
You open the door.
There is an open door here.
You now have 599 gold pieces (gained 22).
As you open the door, it creaks loudly!
You hear an angry hiss.
A wyvern comes into view.
The wyvern moves out of view.
There is an open door here.
The wyvern bites you!
Cast which spell? (? or * to list)
Aiming: Searing Ray (safe; 1% risk of failure)
Press: ? - help, Shift-Dir - straight line, f - wyvern
Aim: a wyvern (83% to hit)
The searing ray hits the wyvern but does no damage.
The wyvern bites you but does no damage.
The searing ray hits the wyvern.
The wyvern is moderately wounded.
The wyvern bites you! The wyvern bites you.
The searing ray hits the wyvern!
The wyvern is heavily wounded.
The wyvern bites you!
The searing ray misses the wyvern.
You finish channelling your searing ray.
The wyvern bites you.
* * * LOW HITPOINT WARNING * * *
The wyvern bites you.
* * * LOW HITPOINT WARNING * * *
Casting: Searing Ray (safe; 1% risk of failure)
Confirm with . or Enter, or press ? or * to list all spells.
Aiming: Searing Ray (safe; 1% risk of failure)
Press: ? - help, Shift-Dir - straight line, f/p - wyvern
Aim: a wyvern (heavily wounded, 83% to hit)
The searing ray hits the wyvern!
The wyvern is almost dead.
The wyvern bites you!!
You die...

#........#........'...#
#........#........#...#
#........#........#...#
#........#........#...#
#######..#........#...#
##..###..###.....##...#
...........#.....#....#
...........+.....#....#
.....<.....#....@'....#
##...###...#....l####+#
##...## ...####...
#.....# ..... #....
#.....# ......#.....
#.....# ......+......
#.....# ....#.......
##....# #........
##....#


You could see a wyvern.

Vanquished Creatures
  2 water moccasins
  An orc warrior (D:7)
  A sky beast (D:7)
  An ice beast (D:6)
  A black bear (D:6)
  2 ogres (D:4)
  2 phantoms
  A centaur (D:7)
  A kobold brigand (D:7)
  A bullfrog (D:7)
  8 scorpions
  3 howler monkeys (D:7)
  A jelly (D:7)
  3 orc priests
  5 hounds
  A sleepcap (D:5)
  Natasha (thrice) (D:4)
  Jessica (D:2)
  3 iguanas (D:5)
  An orc wizard (D:7)
  7 gnolls
  8 adders
  An ufetubus (D:7)
  2 worms
  3 dart slugs
  13 orcs
  4 endoplasms
  2 giant cockroaches
  6 goblins
  10 hobgoblins
  6 jackals
  4 quokkas
  9 ball pythons
  2 bats (D:3)
  3 frilled lizards
  10 kobolds
  5 rats
  A butterfly (D:4)
138 creatures vanquished.

Notes
Turn   | Place    | Note
-------+----------+-------------------------------------------
     0 | D:1      | mortz the Octopode Conjurer began the quest for the Orb.
     0 | D:1      | Reached XP level 1. HP: 11/11 MP: 3/3
   157 | D:1      | Reached XP level 2. HP: 17/17 MP: 3/5
   163 | D:1      | Learned a level 2 spell: Searing Ray
  1025 | D:2      | Reached XP level 3. HP: 21/21 MP: 4/6
  1150 | D:2      | Found a hide-covered altar of Uskayaw.
  1251 | D:2      | Found a runed translucent door.
  1252 | D:2      | Noticed Crazy Yiuf
  1335 | D:2      | Noticed Jessica
  1338 | D:2      | Killed Jessica
  1380 | D:2      | Reached XP level 4. HP: 27/27 MP: 3/8
  1604 | D:2      | Found a faded altar of an unknown god.
  2571 | D:3      | Learned a level 1 spell: Summon Small Mammal
  3107 | D:3      | Reached XP level 5. HP: 31/31 MP: 6/9
  3110 | D:3      | Reached skill level 5 in Conjurations
  3509 | D:4      | Reached skill level 1 in Summonings
  3596 | D:4      | Noticed Natasha
  3602 | D:4      | Killed Natasha
  3603 | D:4      | Reached XP level 6. HP: 9/36 MP: 4/11
  3714 | D:4      | Noticed Natasha
  3727 | D:4      | Killed Natasha
  4075 | D:4      | Reached skill level 5 in Stealth
  4075 | D:4      | Reached XP level 7. HP: 41/41 MP: 5/13
  4352 | D:4      | Found a staircase to the Ecumenical Temple.
  4362 | Temple   | Entered the Ecumenical Temple
  4476 | Temple   | Became a worshipper of Vehumet
  4494 | D:4      | Noticed Natasha
  4498 | D:4      | Killed Natasha
  4599 | D:4      | Found a runed translucent door.
  4601 | D:4      | Noticed turdburglar's ghost (amateur GnWr)
  4735 | D:5      | Entered Level 5 of the Dungeon
  4742 | D:5      | Reached skill level 6 in Conjurations
  4858 | D:5      | Found a blossoming altar of Fedhas.
  4859 | D:5      | Found an ornate altar of the Wu Jian Council.
  4860 | D:5      | Found a glowing golden altar of the Shining One.
  5120 | D:5      | Reached skill level 5 in Spellcasting
  5120 | D:5      | Reached XP level 8. HP: 46/46 MP: 7/15
  5184 | D:5      | Found a shadowy altar of Dithmenos.
  5256 | D:5      | Found a white marble altar of Elyvilon.
  5694 | D:5      | Reached skill level 7 in Conjurations
  6061 | D:6      | Learned a level 3 spell: Hailstorm
  6627 | D:6      | Reached skill level 8 in Conjurations
  6699 | D:6      | Reached XP level 9. HP: 51/51 MP: 14/19
  7315 | D:7      | Reached * piety under Vehumet
  7315 | D:7      | Offered knowledge of Kiss of Death by Vehumet.
  7831 | D:7      | Reached skill level 9 in Conjurations
  8381 | D:8      | Noticed a centaur warrior
  8386 | D:8      | Found a transporter.
  8446 | D:8      | Found a staircase to the Lair.
  8447 | D:8      | Noticed a komodo dragon
  8492 | D:8      | Mangled by a wyvern

Illustrated notes

Levels and vault maps discovered:
D:1:      spicycebolla_arrival_xxxplode, layout_loops_ring
D:2:      wander_river, layout_basic, shapermc_ecumenical_altar_petra,
          basic_altar, uniq_jessica, uniq_crazy_yiuf_cottage
D:3:      layout_loops_cross
D:4:      layout_basic, minmay_temple_entry_butterflies, ebering_ghost_sewer_d,
          uniq_natasha
D:5:      layout_rooms, chequers_temple_overflow_statue_of_worship,
          jmf_multi_god_temple
D:6:      layout_basic, nicolae_figureground_pulse
D:7:      layout_basic
D:8:      layout_gridville, amcnicky_altar_gilded, david_lair_shrubbed,
          gammafunk_ghost_arena
Temple:   kb_temple_of_zot

Skill      XL: |  1  2  3  4  5  6  7  8  9 |
---------------+----------------------------+-----
Stealth        | 3 4 5 6 |  6.0
Spellcasting   | 3 4 5 6 7 |  7.6
Conjurations   | 5 6 8 9 |  9.1
Summonings     | 1 2 3 |  3.0
Dodging        | |  2.0

Action                     |  1- 3 |  4- 6 |  7- 9 || total
---------------------------+-------+-------+-------++-------
  Melee: Dagger            |       |     6 |     1 ||     7
         Constrict         |       |     1 |     1 ||     2
         Tentacles         |       |     1 |     1 ||     2
         Short sword       |       |       |     3 ||     3
   Cast: Magic Dart        |    56 |    90 |   107 ||   253
         Searing Ray       |       |     9 |    48 ||    57
    Use: Potion            |     1 |       |       ||     1
         Scroll            |     3 |     6 |     4 ||    13
   Stab: Sleeping          |       |       |     2 ||     2
 Armour: Skin              |     1 |     1 |     3 ||     5
  Dodge: Dodged            |     6 |     9 |    36 ||    51
